 Dungeon Crawl Stone Soup version 0.31.0-11-ge490571c62 (webtiles) character file.

Game seed: 3031964919991063544

353 puppykicker the Cutter (level 6, -1/34 HPs)
             Began as a Deep Elf Gladiator on Jan 27, 2024.
             Slain by a cerulean imp
             ... wielding a +0 spear
             ... summoned by Natasha
              (2 damage)
             ... on level 4 of the Dungeon.
             The game lasted 00:11:08 (2924 turns).

puppykicker the Cutter (Deep Elf Gladiator)         Turns: 2924, Time: 00:11:09

Health: -1/34      AC:  7    Str:  6 (9)  XL:     6   Next: 35%
Magic:  12/12      EV: 12    Int: 12 (15) God:
Gold:   100        SH:  0    Dex: 14 (16) Spells: 8/11 levels left

rFire   . . .        a - +0 rapier
rCold   . . .        (no shield)
rNeg    . . .        n - +0 leather armour
rPois   .            c - +0 helmet
rElec   .            (no cloak)
rCorr   .            (no gloves)
SInv    .            (no boots)
Will    .....        (no amulet)
Stlth   +            (no ring)
HPRegen 0.25/turn    (no ring)
MPRegen 0.13/turn

%: no passive effects
@: no status effects
A: iridescent scales 1, shaggy fur 1, weak 1
a: no special abilities


You were on level 4 of the Dungeon.
You visited 2 branches of the dungeon, and saw 5 of its levels.

You collected 231 gold pieces.
You spent 131 gold pieces at shops.

Inventory:

Hand Weapons
 a - a +0 rapier (weapon)
 b - a +0 sling
Missiles
 d - 3 throwing nets
 e - a javelin (quivered)
 f - 3 poisoned darts
Armour
 c - a +0 helmet (worn)
 n - a +0 leather armour (worn)
 z - a +2 cloak
Magical Staves
 w - a staff of death {rN+}
Wands
 m - a wand of polymorph (14)
 D - a wand of digging (6)
Scrolls
 h - 4 scrolls of teleportation {unknown}
 k - a scroll of brand weapon {unknown}
 o - 2 scrolls of revelation
 p - a scroll of noise {!r}
 q - 2 scrolls of enchant weapon
 r - a scroll of enchant armour
 u - a scroll of immolation {unknown}
 x - a scroll of vulnerability {unknown}
 y - a scroll of poison {unknown}
 F - a scroll of fog
Potions
 g - a potion of haste
 l - 2 potions of lignification {unknown}
 v - a potion of enlightenment {unknown}


   Skills:
 - Level 1.5 Fighting
 * Level 6.0 Short Blades
 - Level 2.0 Throwing
 - Level 3.6 Dodging
 - Level 3.0 Spellcasting
 + Level 3.3 Necromancy


You had 8 spell levels left.
You knew the following spells:

 Your Spells              Type           Power      Damage    Failure   Level
v - Vampiric Draining     Necr           9%         2d6       30%         3

Your spell library contained the following spells:

 Spells                   Type           Power      Damage    Failure   Level
 Slow                     Hex            4%         N/A       36%         1
 Confusing Touch          Hex            1%         N/A       75%         3
 Dazzling Flash           Conj/Hex       2%         N/A       75%         3
 Inner Flame              Hex/Fire       1%         N/A       75%         3
 Ozocubu's Armour         Ice            1%         N/A       75%         3
 Sigil of Binding         Hex            1%         N/A       75%         3
 Volatile Blastmotes      Fire/Tloc      2%         2d10      75%         3
 Flame Wave               Conj/Fire      1%         2d4       98%         4
 Sticky Flame             Fire/Alch      1%         2d4       98%         4
 Metabolic Englaciation   Hex/Ice        0%         N/A       100%        5
 Sculpt Simulacrum        Ice/Alch       0%         N/A       100%        6
 Starburst                Conj/Fire      0%         6d3       100%        6
 Maxwell's Capacitive Co  Air            0%         ∞         100%        8


Dungeon Overview and Level Annotations

Branches:
Dungeon (4/15)             Temple (1/1) D:4

Altars:
Cheibriados
Elyvilon
Fedhas
Gozag
Nemelex Xobeh
Okawaru
Ru
Sif Muna
Trog
Uskayaw
Vehumet
Wu Jian
Xom
Zin

Shops:
D:3 *   D:4 [

Annotations:
D:4 Dowan, Duvessa, Natasha


Innate Abilities, Weirdness & Mutations

You are partially covered in iridescent scales. (AC +2)
You are covered in fur. (AC +1)
You are weak. (Str -2)


Message History

* * * LOW HITPOINT WARNING * * *
You take 5 damage, and have 5/34 hp.
Unknown command.
Throw: 2 javelins
Press: ? - help, Q - select action, (/) - cycle Shift-Dir - straight line, f/p - Natasha
Aim: Natasha (moderately wounded, 50% to hit)
You throw a javelin. The javelin pierces through Natasha.
Natasha is moderately wounded.
The javelin closely misses the cerulean imp.
Natasha barely misses you.
The cerulean imp hits you from afar with a +0 spear.
* * * LOW HITPOINT WARNING * * *
You take 1 damage, and have 4/34 hp.
Aiming: Polymorph
Press: ? - help, Shift-Dir - straight line, f/p - Natasha
Aim: Natasha (moderately wounded, will become a centaur, an iguana, or an adder, chance to affect: 49%)
Okay, then.
Unknown command.
It was a potion of mutation.
You feel extremely strange. Fur sprouts all over your body.
You feel weaker.
Iridescent scales grow over part of your body.
Natasha closely misses you.
The cerulean imp hits you from afar with a +0 spear.
* * * LOW HITPOINT WARNING * * *
You take 2 damage, and have 2/34 hp.
Unknown command.
Unknown command.
It was a potion of magic.
Magic courses through your body. Natasha claws you.
* * * LOW HITPOINT WARNING * * *
The cerulean imp completely misses you.
You take 1 damage, and have 1/34 hp.
It was a potion of degeneration.
There was something very wrong with that liquid.
You feel weakened.
You feel dopey.
You feel clumsy. Natasha claws you but does no damage.
The cerulean imp hits you from afar with a +0 spear.
You die...

....###.#### ##.∩....## .#.#S#
##### #.#######..#######..... #
#.........## ##.#.#.#.#. #
#..######## ##.......... # #..#
##..#.#.#.#.# # #### #..........
#.##.#.#.#.#
####################)...........
................@h5....(.#.#.#.#
######################........
#....#.# ##.... #... ###


You could see Natasha and a cerulean imp (summoned).

Levels and vault maps discovered:
D:1:      eino_arrival_cavern_e, layout_rooms
D:2:      layout_basic, minmay_split_cup_large
D:3:      layout_rooms, mainiacjoe_overflow_alcove_4, serial_shops, shop
D:4:      layout_rooms, lemuel_temple_firewalk_a, serial_glass, glass_columns_a,
          glass_columns_b, serial_shops, shop, hex_medium, uniq_duvessa,
          uniq_blork_the_orc, uniq_natasha
Temple:   oiseaux_autumnal_temple

Notes
Turn   | Place    | Note
-------+----------+-------------------------------------------
     0 | D:1      | puppykicker the Deep Elf Gladiator began the quest for the
                  | Orb.
     0 | D:1      | Reached XP level 1. HP: 12/12 MP: 3/3
    20 | D:1      | Identified a +0 club
    79 | D:1      | Identified a +0 club
    95 | D:1      | Identified a +0 dagger
   135 | D:1      | Reached XP level 2. HP: 7/16 MP: 4/4
   139 | D:1      | HP: 4/16 [frozen (4)]
   274 | D:1      | Reached skill level 1 in Spellcasting
   278 | D:1      | HP: 4/16 [jackal (2)]
   283 | D:1      | Reached skill level 4 in Short Blades
   493 | D:1      | Reached XP level 3. HP: 18/20 MP: 6/6
   497 | D:1      | Learned a level 3 spell: Vampiric Draining
   539 | D:1      | Identified a +0 short sword
   571 | D:1      | Identified a +0 robe
   704 | D:1      | Identified a +0 ring mail
   762 | D:2      | Identified a +0 short sword
   771 | D:2      | Identified a +0 sling
   798 | D:2      | Identified a +0 rapier
   816 | D:2      | Reached skill level 1 in Necromancy
   846 | D:2      | Identified a +0 short sword
   987 | D:2      | Identified a +0 short sword
   992 | D:2      | Identified a +0 club
  1019 | D:2      | Identified a +0 ring mail
  1043 | D:2      | Reached XP level 4. HP: 24/25 MP: 8/8
  1087 | D:2      | Identified a +0 chain mail
  1117 | D:2      | Identified a +0 dagger
  1179 | D:2      | Reached skill level 2 in Spellcasting
  1321 | D:2      | Identified a +0 club
  1438 | D:2      | Identified a +0 leather armour
  1551 | D:3      | Identified a +0 dagger
  1551 | D:3      | Identified a +0 chain mail
  1555 | D:3      | Identified a +0 flail
  1555 | D:3      | Identified a +0 dagger
  1562 | D:3      | Identified a +0 club
  1565 | D:3      | Identified a +0 club
  1565 | D:3      | Identified a +0 leather armour
  1569 | D:3      | Identified a +0 hand axe
  1569 | D:3      | Identified a +0 chain mail
  1599 | D:3      | HP: 4/25 [orc/+0 hand axe (6)]
  1601 | D:3      | Identified 3 potions of haste
  1740 | D:3      | Identified 3 scrolls of identify
  1740 | D:3      | Identified a scroll of enchant weapon
  1741 | D:3      | Identified a scroll of fog
  1742 | D:3      | Identified a scroll of enchant armour
  1837 | D:3      | Identified a scroll of noise
  1838 | D:3      | Found a shimmering blue altar of Sif Muna.
  1847 | D:3      | Found Woggomop's General Store.
  1856 | D:3      | Identified a +0 spear
  1862 | D:3      | Bought a scroll of identify for 20 gold pieces
  1862 | D:3      | Bought a scroll of enchant weapon for 75 gold pieces
  1862 | D:3      | Bought 6 poisoned darts for 36 gold pieces
  1862 | D:3      | Identified 2 scrolls of revelation
  1899 | D:3      | Identified a +0 club
  1999 | D:3      | Reached XP level 5. HP: 28/29 MP: 10/10
  2128 | D:3      | Identified a +0 plate armour
  2138 | D:4      | Identified a +1 short sword of electrocution
  2138 | D:4      | Identified a +3 ring mail
  2138 | D:4      | Noticed Duvessa
  2138 | D:4      | Identified a +0 dagger
  2138 | D:4      | Identified a +0 robe
  2138 | D:4      | Noticed Dowan
  2138 | D:4      | Identified a +0 dagger
  2138 | D:4      | Identified a +0 whip
  2138 | D:4      | Identified a +0 club
  2138 | D:4      | Identified a +0 flail
  2138 | D:4      | Identified a +0 leather armour
  2138 | D:4      | Identified a +0 flail
  2157 | D:4      | Identified a +0 dagger
  2157 | D:4      | Identified a +0 robe
  2157 | D:4      | Identified a +0 war axe
  2157 | D:4      | Identified a +0 leather armour
  2157 | D:4      | Identified a +0 hand axe
  2157 | D:4      | Identified a +0 scale mail
  2186 | D:4      | Reached skill level 5 in Short Blades
  2186 | D:4      | Reached skill level 2 in Necromancy
  2188 | D:4      | Reached skill level 3 in Spellcasting
  2199 | D:4      | HP: 4/29 [orc/+0 war axe (8)]
  2330 | D:4      | Found a staircase to the Ecumenical Temple.
  2339 | Temple   | Entered the Ecumenical Temple
  2472 | D:4      | Identified a +0 flail
  2477 | D:4      | Identified a +1 battleaxe of electrocution
  2477 | D:4      | Identified a +0 robe
  2477 | D:4      | Noticed Blork the orc
  2483 | D:4      | Blork the orc changed into Blork the bombardier beetle
  2483 | D:4      | Noticed Blork
  2610 | D:4      | Killed Blork the bombardier beetle
  2611 | D:4      | Reached XP level 6. HP: 30/34 MP: 12/12
  2667 | D:4      | Identified a +0 rapier
  2668 | D:4      | Found Oskiurhe's Antique Armour Emporium.
  2673 | D:4      | Identified a +2 cloak
  2683 | D:4      | Noticed Natasha
  2746 | D:3      | HP: 4/34 [white imp/puff of frost (9)]
  2748 | D:3      | Identified a potion of heal wounds
  2761 | D:4      | Killed Natasha
  2762 | D:4      | Reached skill level 3 in Necromancy
  2779 | D:4      | Identified a +0 short sword
  2861 | D:4      | Identified a +0 whip
  2865 | D:4      | Noticed Natasha
  2867 | D:4      | Identified a +1 spear
  2872 | D:4      | Killed Natasha
  2873 | D:4      | Reached skill level 6 in Short Blades
  2905 | D:4      | Noticed Natasha
  2916 | D:4      | Identified a +0 spear
  2920 | D:4      | HP: 5/34 [cerulean imp/+0 spear[Natasha] (5)]
  2922 | D:4      | Identified a potion of mutation
  2922 | D:4      | Gained mutation: You are covered in fur. (AC +1) [potion of
                  | mutation]
  2922 | D:4      | Gained mutation: You are weak. (Str -2) [potion of
                  | mutation]
  2922 | D:4      | Gained mutation: You are partially covered in iridescent
                  | scales. (AC +2) [potion of mutation]
  2922 | D:4      | HP: 2/34 [cerulean imp/+0 spear[Natasha] (2)]
  2923 | D:4      | Identified a potion of magic
  2924 | D:4      | Identified a potion of degeneration
  2924 | D:4      | Slain by a cerulean imp

Table legend: (Time is in decaauts)
 A = Elapsed time spent in this place.
 B = Non-inter-level travel time spent in this place.
 C = Inter-level travel time spent in this place.
 D = Time resting spent in this place.
 E = Time spent auto-exploring this place.
 F = Levels seen in this place.
 G = Mean time per level.
                   A        B        C        D        E       F      G
               +--------+--------+--------+--------+--------+-----+--------+
         Total |   2894 |   2822 |     72 |    502 |   1325 |   5 |  578.8 |
       Dungeon |   2892 |   2821 |     71 |    502 |   1325 |   4 |  723.0 |
        Temple |      1 |      0 |      1 |      0 |      0 |   1 |    1.0 |
               +--------+--------+--------+--------+--------+-----+--------+

Top non-repeatable levels by time:
     D:2: 834 daAuts
     D:1: 724 daAuts
     D:3: 720 daAuts
     D:4: 613 daAuts
  Temple: 1 daAuts

Table legend:
 A = Kills in this place as a percentage of kills in the entire game.
 B = Kills by you in this place as a percentage of kills by you in the entire game.
 C = Kills by friends in this place as a percentage of kills by friends in the entire game.
 D = Other kills in this place as a percentage of other kills in the entire game.
 E = Experience gained in this place as a percentage of experience gained in the entire game.
 F = Experience gained in this place divided by the number of levels of this place that you have seen.
                   A       B       C       D       E      F
               +-------+-------+-------+-------+-------+----------------------
         Total | 100.0 | 100.0 |   N/A |   N/A | 100.0 | 101.0
       Dungeon | 100.0 | 100.0 |   N/A |   N/A | 100.0 | 126.2
               +-------+-------+-------+-------+-------+----------------------

Skill      XL: |  1  2  3  4  5  6 |
---------------+-------------------+-----
Spellcasting   | 1 2 3 |  3.0
Short Blades   | 4 5 6 |  6.0
Necromancy     | 1 2 3 |  3.3
Fighting       | |  1.5
Throwing       | |  2.0
Dodging        | |  3.6

Action                     |  1- 3 |  4- 6 || total
---------------------------+-------+-------++-------
  Melee: Rapier            |   123 |   189 ||   312
         Punch             |     1 |       ||     1
   Fire: Sling             |    40 |     3 ||    43
  Throw: Dart              |       |    12 ||    12
         Javelin           |       |     7 ||     7
  Evoke: Wand              |       |     5 ||     5
    Use: Scroll            |       |     5 ||     5
         Potion            |       |     6 ||     6
   Stab: Sleeping          |     1 |       ||     1
 Armour: Leather armour    |    66 |    99 ||   165
  Dodge: Dodged            |   110 |   130 ||   240

Vanquished Creatures
  A scorpion (D:4)
  A bombardier beetle (D:4)
  An orc wizard (D:4)
  Natasha (twice) (D:4)
  8 adders
  A white imp (D:3)
  4 dart slugs
  2 ribbon worms
  7 orcs
  6 endoplasms
  3 giant cockroaches
  5 goblins
  3 hobgoblins
  10 jackals
  7 kobolds
  3 quokkas
  11 ball pythons
  5 bats
  5 frilled lizards
  5 rats
90 creatures vanquished.
